 Dungeon Crawl Stone Soup version 0.32-a0-886-g41c5271027 (webtiles) character file.

Game seed: 5149439305019433922

2381 wilfster70 the Destroyer (level 9, -1/62 HPs)
             Began as a Pale Draconian Conjurer on Apr 2, 2024.
             Was an Elder of Okawaru.
             Slain by a wyvern (15 damage)
             ... on level 9 of the Dungeon.
             The game lasted 00:19:06 (7056 turns).

wilfster70 the Destroyer (Pale Draconian Conjurer)  Turns: 7056, Time: 00:19:07

Health: -1/62      AC: 10    Str: 10    XL:     9   Next: 22%
Magic:  18/18      EV: 11    Int: 23    God:    Okawaru [****..]
Gold:   324        SH:  5    Dex:  9    Spells: 13/20 levels left

rFire   . . .        a - +7 short sword (venom)
rCold   . . .        (no shield)
rNeg    . . .        (body armour unavailable)
rPois   .            (helmet restricted)
rElec   .            (no cloak)
rCorr   .            (no gloves)
SInv    .            s - +2 pair of boots
Will    .....        b - amulet of reflection
Stlth   ++           (no ring)
HPRegen 0.30/turn    (no ring)
MPRegen 0.16/turn

%: reflection
@: lethally poisoned (-1 -> -9)
A: steam breath, AC +7, unfitting armour, cold-blooded, steam resistance
a: Steam Breath, Renounce Religion, Heroism, Finesse


You were on level 9 of the Dungeon.
You worshipped Okawaru.
Okawaru was greatly pleased with you.
You visited 1 branch of the dungeon, and saw 9 of its levels.

You collected 324 gold pieces.

Inventory:

Hand Weapons
 a - a +7 short sword of venom (weapon)
Missiles
 z - 5 datura-tipped darts
Armour
 s - a +2 pair of boots (worn)
Jewellery
 b - an amulet of reflection (around neck)
 A - a +6 ring of intelligence
Wands
 j - a wand of flame (12)
 p - a wand of polymorph (10)
 q - a wand of roots (8)
 w - a wand of quicksilver (14)
Scrolls
 g - a scroll of acquirement {unknown}
 l - 3 scrolls of fog
 o - a scroll of poison {unknown}
 v - a scroll of fear {unknown}
 x - a scroll of teleportation {unknown}
 y - a scroll of immolation {unknown}
Potions
 c - a potion of magic
 e - 5 potions of resistance
 f - a potion of ambrosia {unknown}
 h - a potion of mutation {unknown}
 i - 8 potions of curing
 k - a potion of berserk rage
 n - a potion of lignification {unknown}
 t - a potion of haste {unknown}
 u - a potion of might {unknown}


   Skills:
 + Level 1.5 Short Blades
 - Level 1.7 Dodging
 - Level 1.7 Stealth
 - Level 6.0 Spellcasting
 - Level 10.0 Conjurations
 - Level 5.8 Invocations


You had 13 spell levels left.
You knew the following spells:

 Your Spells              Type           Power      Damage    Failure   Level
a - Magic Dart            Conj           100%       1d8       1%          1
b - Searing Ray           Conj           100%       2d8       1%          2
c - Iskenderun's Mystic Conj/Tloc 29%            2d7        (+2d3     11%         4

Your spell library contained the following spells:

 Spells                   Type           Power      Damage    Failure   Level
 Hailstorm                Conj/Ice       29%        3d8       3%          3
 Slow                     Hex            24%        N/A       9%          1
 Fulminant Prism          Conj/Alch      14%        3d9       11%         4
 Confusing Touch          Hex            6%         N/A       26%         3
 Vampiric Draining        Necr           6%         2d6       26%         3
 Passage of Golubria      Tloc           6%         N/A       63%         4
 Silence                  Hex/Air        3%         N/A       93%         5
 Eringya's Noxious Bog    Alch           3%         4d6       100%        6
 Permafrost Eruption      Ice/Erth       3%         2x4d2     100%        6
 Lehudib's Crystal Spear  Conj/Erth      14%        10d5      100%        8
 Summon Ice Beast         Ice/Summ       Unusable   N/A       N/A         3
 Summon Forest            Summ/Tloc      Unusable   N/A       N/A         5
 Sculpt Simulacrum        Ice/Alch       Unusable   N/A       N/A         6
 Summon Hydra             Summ           Unusable   N/A       N/A         7

Dungeon Overview and Level Annotations

Branches:
Dungeon (9/15)             Temple (0/1) D:5
   Lair: D:8-11         Orc: D:9-12

Altars:
Hepliaklqana
Nemelex Xobeh
Okawaru
Xom

Shops:
D:7 *

Annotations:
D:1 exclusion: downstairs
D:3 Grinder


Innate Abilities, Weirdness & Mutations

You can breathe blasts of scalding, opaque steam.
Your pale cyan-grey scales are hard. (AC +7)
You cannot fit into any form of body armour.
You are cold-blooded and may be slowed by cold attacks.
You are immune to the effects of steam.


Message History

The centaur kicks you but does no damage.
The wyvern closely misses you. You block the killer bee's attack.
You barely miss the centaur.
Your tail-slap misses the centaur.
The centaur is heavily wounded.
The centaur hits you but does no damage.
The centaur kicks you. The killer bee barely misses you.
The wyvern bites you but does no damage.
You block the centaur's attack. The centaur closely misses you.
The centaur hits you but does no damage.
The centaur kicks you but does no damage.
The killer bee stings you.
You hit the centaur but do no damage.
The centaur is poisoned.
The wyvern barely misses you. The killer bee barely misses you.
You block the centaur's attack. The centaur closely misses you.
The centaur hits you.
The centaur kicks you but does no damage.
The wyvern bites you but does no damage.
You hit the centaur.
The centaur is moderately wounded.
The killer bee closely misses you. The centaur closely misses you.
The centaur kicks you but does no damage.
The centaur hits you but does no damage.
The centaur barely misses you.
The killer bee stings you but does no damage.
The wyvern bites you! The centaur hits you. You block the centaur's attack.
The centaur hits you but does no damage.
The centaur completely misses you.
You hit the centaur.
The centaur looks as sick as possible!
The centaur is moderately wounded.
You kill the centaur!
Okawaru accepts your kill. The killer bee stings you.
* * * LOW HITPOINT WARNING * * *
You are poisoned.
The killer bee poisons you!
The wyvern bites you but does no damage.
The killer bee stings you.
* * * LOW HITPOINT WARNING * * *
The centaur misses you. The centaur closely misses you. The wyvern bites you!
You die...

....# #.# #######
####..###.###...†..
#.............#####
#.##...##..........
#.##.).....########
########.##...##.##
<>...............#
#.######kyc......#
#.@)......#
####...#.## ....#.#
##...#.# #####


You could see a wyvern, a centaur (extremely poisoned) and a killer bee.

Vanquished Creatures
  A wyvern (D:9)
  A steam dragon (D:6)
  A water moccasin (D:5)
  A sky beast (D:7)
  An ice beast (D:3)
  An orc warrior (D:6)
  A black bear (D:4)
  3 centaurs
  A phantom (D:6)
  A kobold brigand (D:6)
  3 bullfrogs
  2 scorpions
  A gnoll sergeant (D:5)
  A bombardier beetle (D:6)
  3 howler monkeys
  A lava snake (D:7)
  2 jellies
  5 hounds
  A sleepcap (D:4)
  5 iguanas
  5 orc wizards
  9 gnolls
  8 adders
  A shadow imp (D:7)
  2 white imps (D:6)
  3 dart slugs (D:2)
  2 ribbon worms
  15 orcs
  9 ball pythons
  7 endoplasms
  4 giant cockroaches
  5 goblins
  11 hobgoblins
  8 jackals
  A quokka (D:3)
  5 bats
  3 frilled lizards
  14 kobolds
  5 rats (D:1)
153 creatures vanquished.

Notes
Turn   | Place    | Note
-------+----------+-------------------------------------------
     0 | D:1      | wilfster70 the Draconian Conjurer began the quest for the
                  | Orb.
     0 | D:1      | Reached XP level 1. HP: 14/14 MP: 3/3
   258 | D:1      | Reached XP level 2. HP: 20/20 MP: 0/5
   261 | D:1      | Learned a level 2 spell: Searing Ray
   711 | D:1      | Reached XP level 3. HP: 26/26 MP: 3/6
  1068 | D:2      | Found an iron altar of Okawaru.
  1152 | D:2      | Became a worshipper of Warmaster Okawaru
  1328 | D:2      | Reached skill level 5 in Conjurations
  1440 | D:2      | Reached XP level 4. HP: 33/33 MP: 1/8
  2225 | D:3      | Noticed an ice beast
  2248 | D:3      | Killed an ice beast
  2248 | D:3      | Reached * piety under Okawaru
  2249 | D:3      | Reached skill level 6 in Conjurations
  2249 | D:3      | Reached XP level 5. HP: 14/38 MP: 1/10
  2390 | D:3      | Noticed Grinder
  2484 | D:4      | Noticed a black bear
  2491 | D:4      | Killed a black bear
  2492 | D:4      | Reached XP level 6. HP: 40/45 MP: 1/13
  2674 | D:4      | Reached ** piety under Okawaru
  2806 | D:4      | Reached skill level 1 in Invocations
  3358 | D:4      | Reached skill level 5 in Spellcasting
  3430 | D:4      | Your scales start taking on a pale cyan-grey colour.
  3430 | D:4      | Reached XP level 7. HP: 37/50 MP: 3/14
  3430 | D:4      | Gained mutation: You are immune to the effects of steam.
                  | [Pale Draconian growth]
  4275 | D:5      | Entered Level 5 of the Dungeon
  4473 | D:5      | Found a staircase to the Ecumenical Temple.
  4727 | D:5      | Reached skill level 5 in Invocations
  4937 | D:5      | Reached XP level 8. HP: 51/57 MP: 8/16
  5165 | D:5      | Found a sparkling altar of Nemelex Xobeh.
  5724 | D:6      | Reached skill level 7 in Conjurations
  5836 | D:6      | Reached *** piety under Okawaru
  5839 | D:6      | Reached skill level 8 in Conjurations
  6319 | D:6      | Reached skill level 9 in Conjurations
  6329 | D:6      | Learned a level 4 spell: Iskenderun's Mystic Blast
  6429 | D:7      | Found Iraon's General Store.
  6601 | D:7      | Reached XP level 9. HP: 55/62 MP: 18/18
  6682 | D:7      | Found a hazy altar of Hepliaklqana.
  6684 | D:7      | Found a shimmering altar of Xom.
  6685 | D:7      | Noticed a spectral ugly thing
  6769 | D:7      | You fall into a shaft and drop 2 floors!
  6885 | D:9      | Reached **** piety under Okawaru
  6913 | D:9      | Reached skill level 10 in Conjurations
  6960 | D:9      | Reached skill level 1 in Short Blades
  7056 | D:9      | Slain by a wyvern

Illustrated notes

Levels and vault maps discovered:
D:1:      dpeg_arrival_prison, layout_basic
D:2:      layout_rooms, basic_altar
D:3:      layout_basic, hellmonk_ecumenical_altar_arch_garden, uniq_grinder
D:4:      layout_layer_cave, minmay_fractal_squares_5
D:5:      layout_loops_cross, mainiacjoe_overflow_paths,
          minmay_temple_entry_butterflies
D:6:      layout_rooms, minmay_microvault
D:7:      layout_basic, regret_index_temple_of_mockery, serial_corexii_hall,
          chequers_hall_statues_wall_a, corexii_hall_statues_i,
          chequers_hall_statues_y, chequers_hall_statues_y, serial_shops,
          nicolae_inconvenience_store
D:8:      minmay_bloctagon, layout_gridville, tgw_trog, serial_bayou_lake_a,
          uniq_maurice
D:9:      layout_loops_ring, orc_0_dummy

Skill      XL: |  1  2  3  4  5  6  7  8  9 |
---------------+----------------------------+-----
Conjurations   | 5 6 9 10 | 10.0
Spellcasting   | 3 4 5 6 |  6.0
Invocations    | 2 5 |  5.8
Short Blades   | 1 |  1.5
Dodging        | |  1.7
Stealth        | |  1.7

Action                     |  1- 3 |  4- 6 |  7- 9 || total
---------------------------+-------+-------+-------++-------
  Melee: Unarmed           |     4 |       |       ||     4
         Tailslap          |     1 |     2 |     4 ||     7
         Short sword       |    30 |    24 |    67 ||   121
   Cast: Magic Dart        |    57 |    51 |    21 ||   129
         Searing Ray       |     1 |    22 |    50 ||    73
Ability: Steam Breath      |       |       |     3 ||     3
    Use: Scroll            |       |     5 |     8 ||    13
 Armour: Skin              |    18 |    48 |   143 ||   209
  Dodge: Dodged            |    14 |    38 |    86 ||   138
  Block: Other             |     8 |    18 |    38 ||    64
         Reflection        |     1 |       |     4 ||     5

Table legend: (Time is in decaauts)
 A = Elapsed time spent in this place.
 B = Non-inter-level travel time spent in this place.
 C = Inter-level travel time spent in this place.
 D = Time resting spent in this place.
 E = Time spent auto-exploring this place.
 F = Levels seen in this place.
 G = Mean time per level.
                   A        B        C        D        E       F      G
               +--------+--------+--------+--------+--------+-----+--------+
         Total |   7060 |   6854 |    206 |   1619 |   2927 |   9 |  784.4 |
       Dungeon |   7060 |   6854 |    206 |   1619 |   2927 |   9 |  784.4 |
               +--------+--------+--------+--------+--------+-----+--------+

Top non-repeatable levels by time:
     D:4: 2049 daAuts
     D:1: 1100 daAuts
     D:5: 1050 daAuts
     D:6: 911 daAuts
     D:2: 873 daAuts
     D:3: 442 daAuts
     D:7: 346 daAuts
     D:9: 225 daAuts
     D:8: 60 daAuts
